Workbook

Sheet CLIENTE
A1: id_cliente [PK] | B1: nombre | C1: apellidos | D1: fecha_nacimiento | E1: nacionalidad | F1: tipo_cliente [individual / empresa] | G1: telefono | H1: email | I1: direccion | J1: cp | K1: estatus
A2: CLI-001 | B2: Mariana | C2: Hernández López | D2: 1989-02-06 | E2: Mexicana | F2: individual | G2: 4431234567 | H2: mariana.hernandez@gotrip.com | I2: Ciudad de México, México | J2: 58001 | K2: activo
A3: CLI-002 | B3: Carlos | C3: Ramírez García | D3: 1990-03-07 | E3: Mexicana | F3: individual | G3: 4431234568 | H3: carlos.ramirez@gotrip.com | I3: Nueva York, México | J3: 58002 | K3: activo
A4: CLI-003 | B4: Sofía | C4: Mendoza Torres | D4: 1991-04-08 | E4: Mexicana | F4: individual | G4: 4431234569 | H4: sofia.mendoza@gotrip.com | I4: Cancún, Quintana Roo, México | J4: 58003 | K4: activo
A5: CLI-004 | B5: Laura | C5: Pérez Sánchez | D5: 1992-05-09 | E5: Mexicana | F5: individual | G5: 4431234570 | H5: laura.perez@gotrip.com | I5: Guadalajara, Jalisco, México | J5: 58004 | K5: activo
A6: CLI-005 | B6: José | C6: González Martínez | D6: 1993-06-10 | E6: Mexicana | F6: empresa | G6: 4431234571 | H6: jose.gonzalez@gotrip.com | I6: Los Cabos, Baja California Sur, México | J6: 58005 | K6: activo
A7: CLI-006 | B7: Ana | C7: Torres Ruiz | D7: 1994-07-11 | E7: Mexicana | F7: individual | G7: 4431234572 | H7: ana.torres@gotrip.com | I7: Puerto Vallarta, Jalisco, México | J7: 58006 | K7: activo
A8: CLI-007 | B8: Daniel | C8: Morales Silva | D8: 1995-08-12 | E8: Mexicana | F8: individual | G8: 4431234573 | H8: daniel.morales@gotrip.com | I8: Oaxaca, Oaxaca, México | J8: 58007 | K8: activo
A9: CLI-008 | B9: Fernanda | C9: Castillo Vega | D9: 1996-09-13 | E9: Mexicana | F9: individual | G9: 4431234574 | H9: fernanda.castillo@gotrip.com | I9: Monterrey, Nuevo León, México | J9: 58008 | K9: activo
A10: CLI-009 | B10: Luis | C10: Navarro Cruz | D10: 1997-10-14 | E10: Mexicana | F10: individual | G10: 4431234575 | H10: luis.navarro@gotrip.com | I10: Mérida, Yucatán, México | J10: 58009 | K10: activo
A11: CLI-010 | B11: Valeria | C11: Mendoza Flores | D11: 1998-11-15 | E11: Mexicana | F11: empresa | G11: 4431234576 | H11: valeria.mendoza@gotrip.com | I11: Tijuana, Baja California, México | J11: 58010 | K11: activo
A12: CLI-011 | B12: Miguel | C12: Sánchez Ortiz | D12: 1999-12-16 | E12: Mexicana | F12: individual | G12: 4431234577 | H12: miguel.sanchez@gotrip.com | I12: Ciudad de México, México | J12: 58011 | K12: activo
... A31: CLI-030 | B31: Marisol | C31: Campos Ruiz | D31: 1994-07-15 | E31: Mexicana | F31: empresa | G31: 4431234596 | H31: marisol.campos@gotrip.com | I31: Tijuana, Baja California, México | J31: 58030 | K31: activo

Sheet RESERVA_VIAJE
A1: id_reserva [PK] | B1: id_cliente [FK] | C1: id_paquete [FK] | D1: fecha_reserva | E1: fecha_salida | F1: fecha_regreso | G1: origen | H1: destino | I1: numero_personas | J1: tipo_habitacion [individual/doble/etc.] | K1: total | L1: estado [pendiente/confirmado/cancelado] | M1: observaciones
A2: RES-001 | B2: CLI-001 | C2: PAQ-001 | D2: 2026-09-18 | E2: 2026-10-10 | F2: 2026-10-13 | G2: Coeneo, Mich. | H2: Ciudad de México | I2: 2 | J2: doble | K2: =IFERROR(VLOOKUP(C2,PAQUETE_VIAJE!A:F,6,FALSE)*I2,"") -> 13000 | L2: pendiente | M2: Reserva GoTrip
A3: RES-002 | B3: CLI-002 | C3: PAQ-002 | D3: 2026-09-18 | E3: 2026-10-12 | F3: 2026-10-16 | G3: Morelia, Mich. | H3: Nueva York | I3: 3 | J3: doble | K3: =IFERROR(VLOOKUP(C3,PAQUETE_VIAJE!A:F,6,FALSE)*I3,"") -> 66000 | L3: confirmado | M3: Reserva GoTrip
A4: RES-003 | B4: CLI-003 | C4: PAQ-003 | D4: 2026-09-18 | E4: 2026-10-14 | F4: 2026-10-16 | G4: Zacapu, Mich. | H4: Cancún, Quintana Roo | I4: 4 | J4: doble | K4: =IFERROR(VLOOKUP(C4,PAQUETE_VIAJE!A:F,6,FALSE)*I4,"") -> 39200 | L4: confirmado | M4: Reserva GoTrip
A5: RES-004 | B5: CLI-004 | C5: PAQ-004 | D5: 2026-09-18 | E5: 2026-10-16 | F5: 2026-10-19 | G5: Pátzcuaro, Mich. | H5: Guadalajara, Jalisco | I5: 1 | J5: individual | K5: =IFERROR(VLOOKUP(C5,PAQUETE_VIAJE!A:F,6,FALSE)*I5,"") -> 5200 | L5: pendiente | M5: Reserva GoTrip
A6: RES-005 | B6: CLI-005 | C6: PAQ-005 | D6: 2026-09-18 | E6: 2026-10-18 | F6: 2026-10-22 | G6: Quiroga, Mich. | H6: Los Cabos, Baja California Sur | I6: 2 | J6: doble | K6: =IFERROR(VLOOKUP(C6,PAQUETE_VIAJE!A:F,6,FALSE)*I6,"") -> 29000 | L6: confirmado | M6: Reserva GoTrip
A7: RES-006 | B7: CLI-006 | C7: PAQ-006 | D7: 2026-09-18 | E7: 2026-10-20 | F7: 2026-10-22 | G7: Uruapan, Mich. | H7: Puerto Vallarta, Jalisco | I7: 3 | J7: doble | K7: =IFERROR(VLOOKUP(C7,PAQUETE_VIAJE!A:F,6,FALSE)*I7,"") -> 19500 | L7: pendiente | M7: Reserva GoTrip
A8: RES-007 | B8: CLI-007 | C8: PAQ-007 | D8: 2026-09-18 | E8: 2026-10-22 | F8: 2026-10-25 | G8: Zamora, Mich. | H8: Oaxaca, Oaxaca | I8: 4 | J8: doble | K8: =IFERROR(VLOOKUP(C8,PAQUETE_VIAJE!A:F,6,FALSE)*I8,"") -> 88000 | L8: confirmado | M8: Reserva GoTrip
A9: RES-008 | B9: CLI-008 | C9: PAQ-008 | D9: 2026-09-18 | E9: 2026-10-24 | F9: 2026-10-28 | G9: Coeneo, Mich. | H9: Monterrey, Nuevo León | I9: 1 | J9: individual | K9: =IFERROR(VLOOKUP(C9,PAQUETE_VIAJE!A:F,6,FALSE)*I9,"") -> 9800 | L9: confirmado | M9: Reserva GoTrip
A10: RES-009 | B10: CLI-009 | C10: PAQ-009 | D10: 2026-09-18 | E10: 2026-10-26 | F10: 2026-10-28 | G10: Morelia, Mich. | H10: Mérida, Yucatán | I10: 2 | J10: doble | K10: =IFERROR(VLOOKUP(C10,PAQUETE_VIAJE!A:F,6,FALSE)*I10,"") -> 10400 | L10: pendiente | M10: Reserva GoTrip
A11: RES-010 | B11: CLI-010 | C11: PAQ-010 | D11: 2026-09-18 | E11: 2026-10-28 | F11: 2026-10-31 | G11: Zacapu, Mich. | H11: Tijuana, Baja California | I11: 3 | J11: doble | K11: =IFERROR(VLOOKUP(C11,PAQUETE_VIAJE!A:F,6,FALSE)*I11,"") -> 43500 | L11: confirmado | M11: Reserva GoTrip
A12: RES-011 | B12: CLI-011 | C12: PAQ-011 | D12: 2026-09-18 | E12: 2026-10-30 | F12: 2026-11-03 | G12: Pátzcuaro, Mich. | H12: Ciudad de México | I12: 4 | J12: doble | K12: =IFERROR(VLOOKUP(C12,PAQUETE_VIAJE!A:F,6,FALSE)*I12,"") -> 26000 | L12: pendiente | M12: Reserva GoTrip
A13: RES-012 | B13: CLI-012 | C13: PAQ-012 | D13: 2026-09-18 | E13: 2026-11-01 | F13: 2026-11-03 | G13: Quiroga, Mich. | H13: Nueva York | I13: 1 | J13: individual | K13: =IFERROR(VLOOKUP(C13,PAQUETE_VIAJE!A:F,6,FALSE)*I13,"") -> 22000 | L13: confirmado | M13: Reserva GoTrip
... A31: RES-030 | B31: CLI-030 | C31: PAQ-030 | D31: 2026-09-18 | E31: 2026-12-07 | F31: 2026-12-09 | G31: Morelia, Mich. | H31: Tijuana, Baja California | I31: 3 | J31: doble | K31: =IFERROR(VLOOKUP(C31,PAQUETE_VIAJE!A:F,6,FALSE)*I31,"") -> 43500 | L31: confirmado | M31: Reserva GoTrip

Sheet PAQUETE_VIAJE
A1: id_paquete [PK] | B1: nombre_paquete | C1: descripcion | D1: destino | E1: duracion_dias | F1: precio_base | G1: incluye | H1: categoria [nacional/internacional] | I1: tipo_viaje [turismo/negocios/grupo] | J1: estatus
A2: PAQ-001 | B2: Experiencia Ciudad de México | C2: Paquete turístico GoTrip número 1 | D2: Ciudad de México | E2: 4 | F2: 6500 | G2: Hotel + transporte + tour | H2: nacional | I2: turismo | J2: activo
A3: PAQ-002 | B3: Aventura Nueva York | C3: Paquete turístico GoTrip número 2 | D3: Nueva York | E3: 5 | F3: 22000 | G3: Hotel + transporte + tour | H3: internacional | I3: grupo | J3: activo
A4: PAQ-003 | B4: Descanso Cancún | C4: Paquete turístico GoTrip número 3 | D4: Cancún, Quintana Roo | E4: 6 | F4: 9800 | G4: Hotel + transporte + tour | H4: nacional | I4: turismo | J4: activo
A5: PAQ-004 | B5: Premium Guadalajara | C5: Paquete turístico GoTrip número 4 | D5: Guadalajara, Jalisco | E5: 7 | F5: 5200 | G5: Hotel + transporte + tour | H5: nacional | I5: negocios | J5: activo
A6: PAQ-005 | B6: Escapada Los Cabos | C6: Paquete turístico GoTrip número 5 | D6: Los Cabos, Baja California Sur | E6: 3 | F6: 14500 | G6: Hotel + transporte + tour | H6: nacional | I6: turismo | J6: activo
A7: PAQ-006 | B7: Experiencia Puerto Vallarta | C7: Paquete turístico GoTrip número 6 | D7: Puerto Vallarta, Jalisco | E7: 4 | F7: 6500 | G7: Hotel + transporte + tour | H7: nacional | I7: turismo | J7: activo
A8: PAQ-007 | B8: Aventura Oaxaca | C8: Paquete turístico GoTrip número 7 | D8: Oaxaca, Oaxaca | E8: 5 | F8: 22000 | G8: Hotel + transporte + tour | H8: nacional | I8: grupo | J8: activo
A9: PAQ-008 | B9: Descanso Monterrey | C9: Paquete turístico GoTrip número 8 | D9: Monterrey, Nuevo León | E9: 6 | F9: 9800 | G9: Hotel + transporte + tour | H9: nacional | I9: turismo | J9: activo
A10: PAQ-009 | B10: Premium Mérida | C10: Paquete turístico GoTrip número 9 | D10: Mérida, Yucatán | E10: 7 | F10: 5200 | G10: Hotel + transporte + tour | H10: nacional | I10: negocios | J10: activo
A11: PAQ-010 | B11: Escapada Tijuana | C11: Paquete turístico GoTrip número 10 | D11: Tijuana, Baja California | E11: 3 | F11: 14500 | G11: Hotel + transporte + tour | H11: nacional | I11: turismo | J11: activo
A12: PAQ-011 | B12: Experiencia Ciudad de México | C12: Paquete turístico GoTrip número 11 | D12: Ciudad de México | E12: 4 | F12: 6500 | G12: Hotel + transporte + tour | H12: nacional | I12: turismo | J12: activo
A13: PAQ-012 | B13: Aventura Nueva York | C13: Paquete turístico GoTrip número 12 | D13: Nueva York | E13: 5 | F13: 22000 | G13: Hotel + transporte + tour | H13: internacional | I13: grupo | J13: activo
... A31: PAQ-030 | B31: Escapada Tijuana | C31: Paquete turístico GoTrip número 30 | D31: Tijuana, Baja California | E31: 3 | F31: 14500 | G31: Hotel + transporte + tour | H31: nacional | I31: turismo | J31: activo

Sheet SERVICIO_TURISTICO
A1: id_servicio [PK] | B1: id_paquete [FK] | C1: tipo_servicio [hotel/vuelo/tour/traslado/seguro/alimentación] | D1: descripcion | E1: proveedor [FK] | F1: costo_adicional | G1: vigencia | H1: estatus
A2: SER-001 | B2: PAQ-001 | C2: vuelo | D2: Vuelo redondo | E2: PROV-T-001 | F2: 3125 | G2: 2026-12-31 | H2: activo
A3: SER-002 | B3: PAQ-002 | C3: tour | D3: Tour guiado | E3: PROV-T-002 | F3: 3250 | G3: 2026-12-31 | H3: activo
A4: SER-003 | B4: PAQ-003 | C4: traslado | D4: Traslado aeropuerto-hotel | E4: PROV-T-003 | F4: 3375 | G4: 2026-12-31 | H4: activo
A5: SER-004 | B5: PAQ-004 | C5: alimentación | D5: Plan de alimentación | E5: PROV-T-004 | F5: 3500 | G5: 2026-12-31 | H5: activo
A6: SER-005 | B6: PAQ-005 | C6: hotel | D6: Hospedaje y desayuno | E6: PROV-T-005 | F6: 3625 | G6: 2026-12-31 | H6: activo
A7: SER-006 | B7: PAQ-006 | C7: vuelo | D7: Vuelo redondo | E7: PROV-T-006 | F7: 3750 | G7: 2026-12-31 | H7: activo
A8: SER-007 | B8: PAQ-007 | C8: tour | D8: Tour guiado | E8: PROV-T-007 | F8: 3875 | G8: 2026-12-31 | H8: activo
A9: SER-008 | B9: PAQ-008 | C9: traslado | D9: Traslado aeropuerto-hotel | E9: PROV-T-008 | F9: 4000 | G9: 2026-12-31 | H9: activo
A10: SER-009 | B10: PAQ-009 | C10: alimentación | D10: Plan de alimentación | E10: PROV-T-009 | F10: 4125 | G10: 2026-12-31 | H10: activo
A11: SER-010 | B11: PAQ-010 | C11: hotel | D11: Hospedaje y desayuno | E11: PROV-T-010 | F11: 4250 | G11: 2026-12-31 | H11: activo
A12: SER-011 | B12: PAQ-011 | C12: vuelo | D12: Vuelo redondo | E12: PROV-T-011 | F12: 4375 | G12: 2026-12-31 | H12: activo
A13: SER-012 | B13: PAQ-012 | C13: tour | D13: Tour guiado | E13: PROV-T-012 | F13: 4500 | G13: 2026-12-31 | H13: activo
... A31: SER-030 | B31: PAQ-030 | C31: hotel | D31: Hospedaje y desayuno | E31: PROV-T-030 | F31: 6750 | G31: 2026-12-31 | H31: activo

Sheet PROVEEDOR_TURISTICO
A1: id_proveedor [PK] | B1: nombre | C1: tipo [aéreo/hotel/tour/transporte] | D1: contacto | E1: email | F1: telefono | G1: pais_ciudad | H1: direccion | I1: calificacion
A2: PROV-T-001 | B2: Aerolíneas MX | C2: aéreo | D2: Reservaciones | E2: mariana.hernandez@gotrip.com | F2: 4431234567 | G2: Ciudad de México | H2: Av. Principal 101, Ciudad de México | I2: 4.2
A3: PROV-T-002 | B3: Tours México | C3: tour | D3: Reservaciones | E3: carlos.ramirez@gotrip.com | F3: 4431234568 | G3: Nueva York | H3: Av. Principal 102, Nueva York | I3: 4.3
A4: PROV-T-003 | B4: Movilidad GoTrip | C4: transporte | D4: Reservaciones | E4: sofia.mendoza@gotrip.com | F4: 4431234569 | G4: Cancún, Quintana Roo | H4: Av. Principal 103, Cancún, Quintana Roo | I4: 4.4
A5: PROV-T-004 | B5: Restaurantes Turísticos | C5: hotel | D5: Reservaciones | E5: laura.perez@gotrip.com | F5: 4431234570 | G5: Guadalajara, Jalisco | H5: Av. Principal 104, Guadalajara, Jalisco | I5: 4.5
A6: PROV-T-005 | B6: Hotel Centro | C6: aéreo | D6: Reservaciones | E6: jose.gonzalez@gotrip.com | F6: 4431234571 | G6: Los Cabos, Baja California Sur | H6: Av. Principal 105, Los Cabos, Baja California Sur | I6: 4.6
A7: PROV-T-006 | B7: Aerolíneas MX | C7: tour | D7: Reservaciones | E7: ana.torres@gotrip.com | F7: 4431234572 | G7: Puerto Vallarta, Jalisco | H7: Av. Principal 106, Puerto Vallarta, Jalisco | I7: 4.7
A8: PROV-T-007 | B8: Tours México | C8: transporte | D8: Reservaciones | E8: daniel.morales@gotrip.com | F8: 4431234573 | G8: Oaxaca, Oaxaca | H8: Av. Principal 107, Oaxaca, Oaxaca | I8: 4.8
A9: PROV-T-008 | B9: Movilidad GoTrip | C9: hotel | D9: Reservaciones | E9: fernanda.castillo@gotrip.com | F9: 4431234574 | G9: Monterrey, Nuevo León | H9: Av. Principal 108, Monterrey, Nuevo León | I9: 4.9
A10: PROV-T-009 | B10: Restaurantes Turísticos | C10: aéreo | D10: Reservaciones | E10: luis.navarro@gotrip.com | F10: 4431234575 | G10: Mérida, Yucatán | H10: Av. Principal 109, Mérida, Yucatán | I10: 4.1
A11: PROV-T-010 | B11: Hotel Centro | C11: tour | D11: Reservaciones | E11: valeria.mendoza@gotrip.com | F11: 4431234576 | G11: Tijuana, Baja California | H11: Av. Principal 110, Tijuana, Baja California | I11: 4.2
A12: PROV-T-011 | B12: Aerolíneas MX | C12: transporte | D12: Reservaciones | E12: miguel.sanchez@gotrip.com | F12: 4431234577 | G12: Ciudad de México | H12: Av. Principal 111, Ciudad de México | I12: 4.3
A13: PROV-T-012 | B13: Tours México | C13: hotel | D13: Reservaciones | E13: paola.ramirez@gotrip.com | F13: 4431234578 | G13: Nueva York | H13: Av. Principal 112, Nueva York | I13: 4.4
... A31: PROV-T-030 | B31: Hotel Centro | C31: tour | D31: Reservaciones | E31: marisol.campos@gotrip.com | F31: 4431234596 | G31: Tijuana, Baja California | H31: Av. Principal 130, Tijuana, Baja California | I31: 4.4

Sheet PASAJERO
A1: id_pasajero [PK] | B1: id_reserva [FK] | C1: nombre | D1: apellidos | E1: fecha_nacimiento | F1: pasaporte / INE | G1: nacionalidad | H1: tipo [adulto/niño/bebé]
A2: PAS-001 | B2: RES-001 | C2: Mariana | D2: Hernández López | E2: 1989-02-06 | F2: INE-10000001 | G2: Mexicana | H2: adulto
A3: PAS-002 | B3: RES-002 | C3: Carlos | D3: Ramírez García | E3: 1990-03-07 | F3: INE-10000002 | G3: Mexicana | H3: adulto
A4: PAS-003 | B4: RES-003 | C4: Sofía | D4: Mendoza Torres | E4: 1991-04-08 | F4: INE-10000003 | G4: Mexicana | H4: niño
A5: PAS-004 | B5: RES-004 | C5: Laura | D5: Pérez Sánchez | E5: 1992-05-09 | F5: INE-10000004 | G5: Mexicana | H5: adulto
A6: PAS-005 | B6: RES-005 | C6: José | D6: González Martínez | E6: 1993-06-10 | F6: INE-10000005 | G6: Mexicana | H6: adulto
A7: PAS-006 | B7: RES-006 | C7: Ana | D7: Torres Ruiz | E7: 1994-07-11 | F7: INE-10000006 | G7: Mexicana | H7: adulto
A8: PAS-007 | B8: RES-007 | C8: Daniel | D8: Morales Silva | E8: 1995-08-12 | F8: INE-10000007 | G8: Mexicana | H8: niño
A9: PAS-008 | B9: RES-008 | C9: Fernanda | D9: Castillo Vega | E9: 1996-09-13 | F9: INE-10000008 | G9: Mexicana | H9: adulto
A10: PAS-009 | B10: RES-009 | C10: Luis | D10: Navarro Cruz | E10: 1997-10-14 | F10: INE-10000009 | G10: Mexicana | H10: adulto
A11: PAS-010 | B11: RES-010 | C11: Valeria | D11: Mendoza Flores | E11: 1998-11-15 | F11: INE-10000010 | G11: Mexicana | H11: adulto
A12: PAS-011 | B12: RES-011 | C12: Miguel | D12: Sánchez Ortiz | E12: 1999-12-16 | F12: INE-10000011 | G12: Mexicana | H12: niño
... A31: PAS-030 | B31: RES-030 | C31: Marisol | D31: Campos Ruiz | E31: 1994-07-15 | F31: INE-10000030 | G31: Mexicana | H31: adulto

Sheet DOCUMENTO_VIAJE
A1: id_documento [PK] | B1: id_pasajero [FK] | C1: tipo [pasaporte/INE/visa] | D1: numero | E1: fecha_emision | F1: fecha_vencimiento | G1: pais_emision
A2: DOC-001 | B2: PAS-001 | C2: INE | D2: DOC-20260001 | E2: 2024-01-10 | F2: 2034-01-10 | G2: México
A3: DOC-002 | B3: PAS-002 | C3: pasaporte | D3: DOC-20260002 | E3: 2024-01-10 | F3: 2034-01-10 | G3: México
A4: DOC-003 | B4: PAS-003 | C4: INE | D4: DOC-20260003 | E4: 2024-01-10 | F4: 2034-01-10 | G4: México
A5: DOC-004 | B5: PAS-004 | C5: INE | D5: DOC-20260004 | E5: 2024-01-10 | F5: 2034-01-10 | G5: México
A6: DOC-005 | B6: PAS-005 | C6: INE | D6: DOC-20260005 | E6: 2024-01-10 | F6: 2034-01-10 | G6: México
A7: DOC-006 | B7: PAS-006 | C7: INE | D7: DOC-20260006 | E7: 2024-01-10 | F7: 2034-01-10 | G7: México
A8: DOC-007 | B8: PAS-007 | C8: INE | D8: DOC-20260007 | E8: 2024-01-10 | F8: 2034-01-10 | G8: México
A9: DOC-008 | B9: PAS-008 | C9: INE | D9: DOC-20260008 | E9: 2024-01-10 | F9: 2034-01-10 | G9: México
A10: DOC-009 | B10: PAS-009 | C10: INE | D10: DOC-20260009 | E10: 2024-01-10 | F10: 2034-01-10 | G10: México
A11: DOC-010 | B11: PAS-010 | C11: INE | D11: DOC-20260010 | E11: 2024-01-10 | F11: 2034-01-10 | G11: México
A12: DOC-011 | B12: PAS-011 | C12: INE | D12: DOC-20260011 | E12: 2024-01-10 | F12: 2034-01-10 | G12: México
... A31: DOC-030 | B31: PAS-030 | C31: INE | D31: DOC-20260030 | E31: 2024-01-10 | F31: 2034-01-10 | G31: México

Sheet ITINERARIO_VIAJE
A1: id_itinerario [PK] | B1: id_reserva [FK] | C1: dia | D1: actividad | E1: lugar | F1: hora | G1: descripcion
A2: ITI-001 | B2: RES-001 | C2: 2 | D2: Tour urbano | E2: Ciudad de México | F2: 11:00 | G2: Actividad programada por GoTrip
A3: ITI-002 | B3: RES-002 | C3: 3 | D3: Día de playa | E3: Nueva York | F3: 12:00 | G3: Actividad programada por GoTrip
A4: ITI-003 | B4: RES-003 | C4: 4 | D4: Tour histórico | E4: Cancún, Quintana Roo | F4: 13:00 | G4: Actividad programada por GoTrip
A5: ITI-004 | B5: RES-004 | C5: 5 | D5: Actividad premium | E5: Guadalajara, Jalisco | F5: 14:00 | G5: Actividad programada por GoTrip
A6: ITI-005 | B6: RES-005 | C6: 1 | D6: Recorrido cultural | E6: Los Cabos, Baja California Sur | F6: 15:00 | G6: Actividad programada por GoTrip
A7: ITI-006 | B7: RES-006 | C7: 2 | D7: Tour urbano | E7: Puerto Vallarta, Jalisco | F7: 16:00 | G7: Actividad programada por GoTrip
A8: ITI-007 | B8: RES-007 | C8: 3 | D8: Día de playa | E8: Oaxaca, Oaxaca | F8: 17:00 | G8: Actividad programada por GoTrip
A9: ITI-008 | B9: RES-008 | C9: 4 | D9: Tour histórico | E9: Monterrey, Nuevo León | F9: 10:00 | G9: Actividad programada por GoTrip
A10: ITI-009 | B10: RES-009 | C10: 5 | D10: Actividad premium | E10: Mérida, Yucatán | F10: 11:00 | G10: Actividad programada por GoTrip
A11: ITI-010 | B11: RES-010 | C11: 1 | D11: Recorrido cultural | E11: Tijuana, Baja California | F11: 12:00 | G11: Actividad programada por GoTrip
A12: ITI-011 | B12: RES-011 | C12: 2 | D12: Tour urbano | E12: Ciudad de México | F12: 13:00 | G12: Actividad programada por GoTrip
A13: ITI-012 | B13: RES-012 | C13: 3 | D13: Día de playa | E13: Nueva York | F13: 14:00 | G13: Actividad programada por GoTrip
... A31: ITI-030 | B31: RES-030 | C31: 1 | D31: Recorrido cultural | E31: Tijuana, Baja California | F31: 16:00 | G31: Actividad programada por GoTrip

Sheet SEGURO_VIAJE
A1: id_seguro [PK] | B1: id_reserva [FK] | C1: tipo [viaje/asistencia médica] | D1: cobertura | E1: costo | F1: aseguradora | G1: numero_poliza | H1: estatus
A2: SEG-001 | B2: RES-001 | C2: viaje/asistencia médica | D2: Gastos médicos y asistencia | E2: 835 | F2: Aseguradora GoTrip | G2: POL-001 | H2: activo
A3: SEG-002 | B3: RES-002 | C3: viaje/asistencia médica | D3: Gastos médicos y asistencia | E3: 870 | F3: Aseguradora GoTrip | G3: POL-002 | H3: activo
A4: SEG-003 | B4: RES-003 | C4: viaje/asistencia médica | D4: Gastos médicos y asistencia | E4: 905 | F4: Aseguradora GoTrip | G4: POL-003 | H4: activo
A5: SEG-004 | B5: RES-004 | C5: viaje/asistencia médica | D5: Gastos médicos y asistencia | E5: 940 | F5: Aseguradora GoTrip | G5: POL-004 | H5: activo
A6: SEG-005 | B6: RES-005 | C6: viaje/asistencia médica | D6: Gastos médicos y asistencia | E6: 975 | F6: Aseguradora GoTrip | G6: POL-005 | H6: activo
A7: SEG-006 | B7: RES-006 | C7: viaje/asistencia médica | D7: Gastos médicos y asistencia | E7: 1010 | F7: Aseguradora GoTrip | G7: POL-006 | H7: activo
A8: SEG-007 | B8: RES-007 | C8: viaje/asistencia médica | D8: Gastos médicos y asistencia | E8: 1045 | F8: Aseguradora GoTrip | G8: POL-007 | H8: activo
A9: SEG-008 | B9: RES-008 | C9: viaje/asistencia médica | D9: Gastos médicos y asistencia | E9: 1080 | F9: Aseguradora GoTrip | G9: POL-008 | H9: activo
A10: SEG-009 | B10: RES-009 | C10: viaje/asistencia médica | D10: Gastos médicos y asistencia | E10: 1115 | F10: Aseguradora GoTrip | G10: POL-009 | H10: activo
A11: SEG-010 | B11: RES-010 | C11: viaje/asistencia médica | D11: Gastos médicos y asistencia | E11: 1150 | F11: Aseguradora GoTrip | G11: POL-010 | H11: activo
A12: SEG-011 | B12: RES-011 | C12: viaje/asistencia médica | D12: Gastos médicos y asistencia | E12: 1185 | F12: Aseguradora GoTrip | G12: POL-011 | H12: activo
A13: SEG-012 | B13: RES-012 | C13: viaje/asistencia médica | D13: Gastos médicos y asistencia | E13: 1220 | F13: Aseguradora GoTrip | G13: POL-012 | H13: activo
... A31: SEG-030 | B31: RES-030 | C31: viaje/asistencia médica | D31: Gastos médicos y asistencia | E31: 1850 | F31: Aseguradora GoTrip | G31: POL-030 | H31: activo

Sheet PAGO_VIAJE
A1: id_pago [PK] | B1: id_reserva [FK] | C1: metodo_pago [tarjeta/transferencia/efectivo] | D1: monto | E1: fecha_pago | F1: referencia | G1: estado [pendiente/realizado/cancelado]
A2: PAG-001 | B2: RES-001 | C2: tarjeta | D2: 6500 | E2: 2026-09-18 | F2: REF-001 | G2: realizado
A3: PAG-002 | B3: RES-002 | C3: efectivo | D3: 22000 | E3: 2026-09-18 | F3: REF-002 | G3: pendiente
A4: PAG-003 | B4: RES-003 | C4: transferencia | D4: 9800 | E4: 2026-09-18 | F4: REF-003 | G4: realizado
A5: PAG-004 | B5: RES-004 | C5: tarjeta | D5: 5200 | E5: 2026-09-18 | F5: REF-004 | G5: realizado
A6: PAG-005 | B6: RES-005 | C6: efectivo | D6: 14500 | E6: 2026-09-18 | F6: REF-005 | G6: pendiente
A7: PAG-006 | B7: RES-006 | C7: transferencia | D7: 6500 | E7: 2026-09-18 | F7: REF-006 | G7: realizado
A8: PAG-007 | B8: RES-007 | C8: tarjeta | D8: 22000 | E8: 2026-09-18 | F8: REF-007 | G8: realizado
A9: PAG-008 | B9: RES-008 | C9: efectivo | D9: 9800 | E9: 2026-09-18 | F9: REF-008 | G9: pendiente
A10: PAG-009 | B10: RES-009 | C10: transferencia | D10: 5200 | E10: 2026-09-18 | F10: REF-009 | G10: realizado
A11: PAG-010 | B11: RES-010 | C11: tarjeta | D11: 14500 | E11: 2026-09-18 | F11: REF-010 | G11: realizado
A12: PAG-011 | B12: RES-011 | C12: efectivo | D12: 6500 | E12: 2026-09-18 | F12: REF-011 | G12: pendiente
A13: PAG-012 | B13: RES-012 | C13: transferencia | D13: 22000 | E13: 2026-09-18 | F13: REF-012 | G13: realizado
... A31: PAG-030 | B31: RES-030 | C31: transferencia | D31: 14500 | E31: 2026-09-18 | F31: REF-030 | G31: realizado

Sheet USUARIO_MOVILIDAD
A1: id_usuario [PK] | B1: id_cliente [FK] | C1: nombre | D1: apellidos | E1: telefono | F1: email | G1: tipo_usuario [cliente/empresa] | H1: estatus
A2: USR-M-001 | B2: CLI-001 | C2: Mariana | D2: Hernández López | E2: 4431234567 | F2: mariana.hernandez@gotrip.com | G2: cliente | H2: activo
A3: USR-M-002 | B3: CLI-002 | C3: Carlos | D3: Ramírez García | E3: 4431234568 | F3: carlos.ramirez@gotrip.com | G3: cliente | H3: activo
A4: USR-M-003 | B4: CLI-003 | C4: Sofía | D4: Mendoza Torres | E4: 4431234569 | F4: sofia.mendoza@gotrip.com | G4: cliente | H4: activo
A5: USR-M-004 | B5: CLI-004 | C5: Laura | D5: Pérez Sánchez | E5: 4431234570 | F5: laura.perez@gotrip.com | G5: cliente | H5: activo
A6: USR-M-005 | B6: CLI-005 | C6: José | D6: González Martínez | E6: 4431234571 | F6: jose.gonzalez@gotrip.com | G6: empresa | H6: activo
A7: USR-M-006 | B7: CLI-006 | C7: Ana | D7: Torres Ruiz | E7: 4431234572 | F7: ana.torres@gotrip.com | G7: cliente | H7: activo
A8: USR-M-007 | B8: CLI-007 | C8: Daniel | D8: Morales Silva | E8: 4431234573 | F8: daniel.morales@gotrip.com | G8: cliente | H8: activo
A9: USR-M-008 | B9: CLI-008 | C9: Fernanda | D9: Castillo Vega | E9: 4431234574 | F9: fernanda.castillo@gotrip.com | G9: cliente | H9: activo
A10: USR-M-009 | B10: CLI-009 | C10: Luis | D10: Navarro Cruz | E10: 4431234575 | F10: luis.navarro@gotrip.com | G10: cliente | H10: activo
A11: USR-M-010 | B11: CLI-010 | C11: Valeria | D11: Mendoza Flores | E11: 4431234576 | F11: valeria.mendoza@gotrip.com | G11: empresa | H11: activo
A12: USR-M-011 | B12: CLI-011 | C12: Miguel | D12: Sánchez Ortiz | E12: 4431234577 | F12: miguel.sanchez@gotrip.com | G12: cliente | H12: activo
... A31: USR-M-030 | B31: CLI-030 | C31: Marisol | D31: Campos Ruiz | E31: 4431234596 | F31: marisol.campos@gotrip.com | G31: empresa | H31: activo

Sheet SOLICITUD_MOVILIDAD
A1: id_solicitud [PK] | B1: id_usuario [FK] | C1: tipo_servicio [auto/renta/taxi/traslado] | D1: origen | E1: destino | F1: fecha_hora | G1: duracion | H1: numero_personas | I1: estado [pendiente/confirmado/cancelado] | J1: costo_total
A2: SOL-001 | B2: USR-M-001 | C2: renta | D2: Coeneo, Mich. | E2: Ciudad de México | F2: 2026-10-10 09:00 | G2: 3 | H2: 2 | I2: pendiente | J2: 1075
A3: SOL-002 | B3: USR-M-002 | C3: taxi | D3: Morelia, Mich. | E3: Nueva York | F3: 2026-10-12 10:00 | G3: 4 | H3: 3 | I3: confirmado | J3: 1250
A4: SOL-003 | B4: USR-M-003 | C4: traslado | D4: Zacapu, Mich. | E4: Cancún, Quintana Roo | F4: 2026-10-14 11:00 | G4: 5 | H4: 4 | I4: confirmado | J4: 1425
A5: SOL-004 | B5: USR-M-004 | C5: traslado | D5: Pátzcuaro, Mich. | E5: Guadalajara, Jalisco | F5: 2026-10-16 12:00 | G5: 2 | H5: 1 | I5: pendiente | J5: 1600
A6: SOL-005 | B6: USR-M-005 | C6: renta | D6: Quiroga, Mich. | E6: Los Cabos, Baja California Sur | F6: 2026-10-18 08:00 | G6: 3 | H6: 2 | I6: confirmado | J6: 1775
A7: SOL-006 | B7: USR-M-006 | C7: taxi | D7: Uruapan, Mich. | E7: Puerto Vallarta, Jalisco | F7: 2026-10-20 09:00 | G7: 4 | H7: 3 | I7: confirmado | J7: 1950
A8: SOL-007 | B8: USR-M-007 | C8: traslado | D8: Zamora, Mich. | E8: Oaxaca, Oaxaca | F8: 2026-10-22 10:00 | G8: 5 | H8: 4 | I8: pendiente | J8: 2125
A9: SOL-008 | B9: USR-M-008 | C9: traslado | D9: Coeneo, Mich. | E9: Monterrey, Nuevo León | F9: 2026-10-24 11:00 | G9: 2 | H9: 1 | I9: confirmado | J9: 2300
A10: SOL-009 | B10: USR-M-009 | C10: renta | D10: Morelia, Mich. | E10: Mérida, Yucatán | F10: 2026-10-26 12:00 | G10: 3 | H10: 2 | I10: confirmado | J10: 2475
A11: SOL-010 | B11: USR-M-010 | C11: taxi | D11: Zacapu, Mich. | E11: Tijuana, Baja California | F11: 2026-10-28 08:00 | G11: 4 | H11: 3 | I11: pendiente | J11: 2650
A12: SOL-011 | B12: USR-M-011 | C12: traslado | D12: Pátzcuaro, Mich. | E12: Ciudad de México | F12: 2026-10-30 09:00 | G12: 5 | H12: 4 | I12: confirmado | J12: 2825
A13: SOL-012 | B13: USR-M-012 | C13: traslado | D13: Quiroga, Mich. | E13: Nueva York | F13: 2026-11-01 10:00 | G13: 2 | H13: 1 | I13: confirmado | J13: 3000
... A31: SOL-030 | B31: USR-M-030 | C31: taxi | D31: Morelia, Mich. | E31: Tijuana, Baja California | F31: 2026-12-07 08:00 | G31: 4 | H31: 3 | I31: confirmado | J31: 6150

Sheet VEHICULO
A1: id_vehiculo [PK] | B1: tipo [auto/van/bus] | C1: marca | D1: modelo | E1: placas | F1: capacidad | G1: estado [disponible/en uso/mantenimiento] | H1: año | I1: id_conductor [FK]
A2: VEH-001 | B2: van | C2: Toyota | D2: Hiace | E2: AB001-A | F2: 15 | G2: en uso | H2: 2022 | I2: CON-001
A3: VEH-002 | B3: auto | C3: Nissan | D3: Versa | E3: BC002-B | F3: 5 | G3: disponible | H3: 2023 | I3: CON-002
A4: VEH-003 | B4: auto | C4: Chevrolet | D4: Aveo | E4: CD003-A | F4: 5 | G4: disponible | H4: 2024 | I4: CON-003
A5: VEH-004 | B5: van | C5: Ford | D5: Transit | E5: DE004-B | F5: 15 | G5: mantenimiento | H5: 2025 | I5: CON-004
A6: VEH-005 | B6: bus | C6: Mercedes-Benz | D6: Sprinter | E6: EF005-A | F6: 20 | G6: disponible | H6: 2021 | I6: CON-005
A7: VEH-006 | B7: van | C7: Toyota | D7: Hiace | E7: FG006-B | F7: 15 | G7: en uso | H7: 2022 | I7: CON-006
A8: VEH-007 | B8: auto | C8: Nissan | D8: Versa | E8: GH007-A | F8: 5 | G8: disponible | H8: 2023 | I8: CON-007
A9: VEH-008 | B9: auto | C9: Chevrolet | D9: Aveo | E9: HI008-B | F9: 5 | G9: disponible | H9: 2024 | I9: CON-008
A10: VEH-009 | B10: van | C10: Ford | D10: Transit | E10: IJ009-A | F10: 15 | G10: mantenimiento | H10: 2025 | I10: CON-009
A11: VEH-010 | B11: bus | C11: Mercedes-Benz | D11: Sprinter | E11: JK010-B | F11: 20 | G11: disponible | H11: 2021 | I11: CON-010
A12: VEH-011 | B12: van | C12: Toyota | D12: Hiace | E12: KL011-A | F12: 15 | G12: en uso | H12: 2022 | I12: CON-011
A13: VEH-012 | B13: auto | C13: Nissan | D13: Versa | E13: LM012-B | F13: 5 | G13: disponible | H13: 2023 | I13: CON-012
... A31: VEH-030 | B31: bus | C31: Mercedes-Benz | D31: Sprinter | E31: DE030-B | F31: 20 | G31: disponible | H31: 2021 | I31: CON-030

Sheet CONDUCTOR
A1: id_conductor [PK] | B1: nombre | C1: apellidos | D1: licencia | E1: telefono | F1: email | G1: estado [activo/inactivo]
A2: CON-001 | B2: Mariana | C2: Hernández López | D2: LIC-1001 | E2: 4431234567 | F2: mariana.hernandez@gotrip.com | G2: activo
A3: CON-002 | B3: Carlos | C3: Ramírez García | D3: LIC-1002 | E3: 4431234568 | F3: carlos.ramirez@gotrip.com | G3: activo
A4: CON-003 | B4: Sofía | C4: Mendoza Torres | D4: LIC-1003 | E4: 4431234569 | F4: sofia.mendoza@gotrip.com | G4: activo
A5: CON-004 | B5: Laura | C5: Pérez Sánchez | D5: LIC-1004 | E5: 4431234570 | F5: laura.perez@gotrip.com | G5: activo
A6: CON-005 | B6: José | C6: González Martínez | D6: LIC-1005 | E6: 4431234571 | F6: jose.gonzalez@gotrip.com | G6: inactivo
A7: CON-006 | B7: Ana | C7: Torres Ruiz | D7: LIC-1006 | E7: 4431234572 | F7: ana.torres@gotrip.com | G7: activo
A8: CON-007 | B8: Daniel | C8: Morales Silva | D8: LIC-1007 | E8: 4431234573 | F8: daniel.morales@gotrip.com | G8: activo
A9: CON-008 | B9: Fernanda | C9: Castillo Vega | D9: LIC-1008 | E9: 4431234574 | F9: fernanda.castillo@gotrip.com | G9: activo
A10: CON-009 | B10: Luis | C10: Navarro Cruz | D10: LIC-1009 | E10: 4431234575 | F10: luis.navarro@gotrip.com | G10: activo
A11: CON-010 | B11: Valeria | C11: Mendoza Flores | D11: LIC-1010 | E11: 4431234576 | F11: valeria.mendoza@gotrip.com | G11: inactivo
A12: CON-011 | B12: Miguel | C12: Sánchez Ortiz | D12: LIC-1011 | E12: 4431234577 | F12: miguel.sanchez@gotrip.com | G12: activo
... A31: CON-030 | B31: Marisol | C31: Campos Ruiz | D31: LIC-1030 | E31: 4431234596 | F31: marisol.campos@gotrip.com | G31: inactivo

Sheet RUTA_MOVILIDAD
A1: id_ruta [PK] | B1: id_solicitud [FK] | C1: origen | D1: destino | E1: distancia_km | F1: tiempo_estimado | G1: costo | H1: observaciones
A2: RUT-001 | B2: SOL-001 | C2: Coeneo, Mich. | D2: Ciudad de México | E2: 62 | F2: 3 | G2: 1080 | H2: Ruta 1
A3: RUT-002 | B3: SOL-002 | C3: Morelia, Mich. | D3: Nueva York | E3: 74 | F3: 4 | G3: 1160 | H3: Ruta 2
A4: RUT-003 | B4: SOL-003 | C4: Zacapu, Mich. | D4: Cancún, Quintana Roo | E4: 86 | F4: 5 | G4: 1240 | H4: Ruta 3
A5: RUT-004 | B5: SOL-004 | C5: Pátzcuaro, Mich. | D5: Guadalajara, Jalisco | E5: 98 | F5: 2 | G5: 1320 | H5: Ruta 4
A6: RUT-005 | B6: SOL-005 | C6: Quiroga, Mich. | D6: Los Cabos, Baja California Sur | E6: 110 | F6: 3 | G6: 1400 | H6: Ruta 5
A7: RUT-006 | B7: SOL-006 | C7: Uruapan, Mich. | D7: Puerto Vallarta, Jalisco | E7: 122 | F7: 4 | G7: 1480 | H7: Ruta 6
A8: RUT-007 | B8: SOL-007 | C8: Zamora, Mich. | D8: Oaxaca, Oaxaca | E8: 134 | F8: 5 | G8: 1560 | H8: Ruta 7
A9: RUT-008 | B9: SOL-008 | C9: Coeneo, Mich. | D9: Monterrey, Nuevo León | E9: 146 | F9: 2 | G9: 1640 | H9: Ruta 8
A10: RUT-009 | B10: SOL-009 | C10: Morelia, Mich. | D10: Mérida, Yucatán | E10: 158 | F10: 3 | G10: 1720 | H10: Ruta 9
A11: RUT-010 | B11: SOL-010 | C11: Zacapu, Mich. | D11: Tijuana, Baja California | E11: 170 | F11: 4 | G11: 1800 | H11: Ruta 10
A12: RUT-011 | B12: SOL-011 | C12: Pátzcuaro, Mich. | D12: Ciudad de México | E12: 182 | F12: 5 | G12: 1880 | H12: Ruta 11
A13: RUT-012 | B13: SOL-012 | C13: Quiroga, Mich. | D13: Nueva York | E13: 194 | F13: 2 | G13: 1960 | H13: Ruta 12
... A31: RUT-030 | B31: SOL-030 | C31: Morelia, Mich. | D31: Tijuana, Baja California | E31: 410 | F31: 4 | G31: 3400 | H31: Ruta 30

Sheet TARIFA_MOVILIDAD
A1: id_tarifa [PK] | B1: tipo_vehiculo [auto/van/bus] | C1: km_minimo | D1: precio_km | E1: precio_hora | F1: costo_base | G1: estado
A2: TAR-001 | B2: van | C2: 300 | D2: 15 | E2: 168 | F2: 292 | G2: activa
A3: TAR-002 | B3: bus | C3: 450 | D3: 16 | E3: 176 | F3: 304 | G3: activa
A4: TAR-003 | B4: auto | C4: 600 | D4: 17 | E4: 184 | F4: 316 | G4: activa
A5: TAR-004 | B5: van | C5: 100 | D5: 18 | E5: 192 | F5: 328 | G5: activa
A6: TAR-005 | B6: bus | C6: 125 | D6: 19 | E6: 200 | F6: 340 | G6: activa
A7: TAR-006 | B7: auto | C7: 150 | D7: 20 | E7: 208 | F7: 352 | G7: activa
A8: TAR-007 | B8: van | C8: 175 | D8: 21 | E8: 216 | F8: 364 | G8: activa
A9: TAR-008 | B9: bus | C9: 200 | D9: 14 | E9: 224 | F9: 376 | G9: activa
A10: TAR-009 | B10: auto | C10: 225 | D10: 15 | E10: 232 | F10: 388 | G10: activa
A11: TAR-010 | B11: van | C11: 250 | D11: 16 | E11: 240 | F11: 400 | G11: activa
A12: TAR-011 | B12: bus | C12: 275 | D12: 17 | E12: 248 | F12: 412 | G12: activa
A13: TAR-012 | B13: auto | C13: 300 | D13: 18 | E13: 256 | F13: 424 | G13: activa
... A31: TAR-030 | B31: auto | C31: 750 | D31: 20 | E31: 400 | F31: 640 | G31: activa

Sheet CLIENTE_LOGISTICA
A1: id_cliente_log [PK] | B1: id_cliente [FK] | C1: nombre_comercial | D1: razon_social | E1: rfc | F1: contacto | G1: email | H1: telefono | I1: direccion | J1: tipo_cliente [empresa/particular] | K1: estatus
A2: CL-LOG-001 | B2: CLI-001 | C2: Comercial Michoacán | D2: Comercial Michoacán S.A. | E2: XAXX010101001 | F2: Mariana Hernández | G2: mariana.hernandez@gotrip.com | H2: 4431234567 | I2: Ciudad de México, México | J2: particular | K2: activo
A3: CL-LOG-002 | B3: CLI-002 | C3: Distribuidora Centro | D3: Distribuidora Centro S.A. | E3: XAXX010101002 | F3: Carlos Ramírez | G3: carlos.ramirez@gotrip.com | H3: 4431234568 | I3: Nueva York, México | J3: particular | K3: activo
A4: CL-LOG-003 | B4: CLI-003 | C4: GoTrip Empresarial | D4: GoTrip Empresarial S.A. | E4: XAXX010101003 | F4: Sofía Mendoza | G4: sofia.mendoza@gotrip.com | H4: 4431234569 | I4: Cancún, Quintana Roo, México | J4: particular | K4: activo
A5: CL-LOG-004 | B5: CLI-004 | C5: María Boutique | D5: María Boutique S.A. de C.V. | E5: XAXX010101004 | F5: Laura Pérez | G5: laura.perez@gotrip.com | H5: 4431234570 | I5: Guadalajara, Jalisco, México | J5: particular | K5: activo
A6: CL-LOG-005 | B6: CLI-005 | C6: Comercial Michoacán | D6: Comercial Michoacán S.A. | E6: XAXX010101005 | F6: José González | G6: jose.gonzalez@gotrip.com | H6: 4431234571 | I6: Los Cabos, Baja California Sur, México | J6: empresa | K6: activo
A7: CL-LOG-006 | B7: CLI-006 | C7: Distribuidora Centro | D7: Distribuidora Centro S.A. | E7: XAXX010101006 | F7: Ana Torres | G7: ana.torres@gotrip.com | H7: 4431234572 | I7: Puerto Vallarta, Jalisco, México | J7: particular | K7: activo
A8: CL-LOG-007 | B8: CLI-007 | C8: GoTrip Empresarial | D8: GoTrip Empresarial S.A. | E8: XAXX010101007 | F8: Daniel Morales | G8: daniel.morales@gotrip.com | H8: 4431234573 | I8: Oaxaca, Oaxaca, México | J8: particular | K8: activo
A9: CL-LOG-008 | B9: CLI-008 | C9: María Boutique | D9: María Boutique S.A. de C.V. | E9: XAXX010101008 | F9: Fernanda Castillo | G9: fernanda.castillo@gotrip.com | H9: 4431234574 | I9: Monterrey, Nuevo León, México | J9: particular | K9: activo
A10: CL-LOG-009 | B10: CLI-009 | C10: Comercial Michoacán | D10: Comercial Michoacán S.A. | E10: XAXX010101009 | F10: Luis Navarro | G10: luis.navarro@gotrip.com | H10: 4431234575 | I10: Mérida, Yucatán, México | J10: particular | K10: activo
A11: CL-LOG-010 | B11: CLI-010 | C11: Distribuidora Centro | D11: Distribuidora Centro S.A. | E11: XAXX010101010 | F11: Valeria Mendoza | G11: valeria.mendoza@gotrip.com | H11: 4431234576 | I11: Tijuana, Baja California, México | J11: empresa | K11: activo
A12: CL-LOG-011 | B12: CLI-011 | C12: GoTrip Empresarial | D12: GoTrip Empresarial S.A. | E12: XAXX010101011 | F12: Miguel Sánchez | G12: miguel.sanchez@gotrip.com | H12: 4431234577 | I12: Ciudad de México, México | J12: particular | K12: activo
... A31: CL-LOG-030 | B31: CLI-030 | C31: Distribuidora Centro | D31: Distribuidora Centro S.A. | E31: XAXX010101030 | F31: Marisol Campos | G31: marisol.campos@gotrip.com | H31: 4431234596 | I31: Tijuana, Baja California, México | J31: empresa | K31: activo

Sheet PEDIDO_LOGISTICO
A1: id_pedido [PK] | B1: id_cliente_log [FK] | C1: fecha_pedido | D1: tipo_servicio [paquetería/carga] | E1: origen | F1: destino | G1: peso | H1: volumen | I1: estado [pendiente/en tránsito/entregado/cancelado] | J1: costo_total
A2: PED-001 | B2: CL-LOG-001 | C2: 2026-09-18 | D2: carga | E2: Coeneo, Mich. | F2: Ciudad de México | G2: 8 | H2: 0.07 | I2: pendiente | J2: 1220
A3: PED-002 | B3: CL-LOG-002 | C3: 2026-09-18 | D3: paquetería | E3: Morelia, Mich. | F3: Nueva York | G3: 11 | H3: 0.11 | I3: entregado | J3: 1440
A4: PED-003 | B4: CL-LOG-003 | C4: 2026-09-18 | D4: carga | E4: Zacapu, Mich. | F4: Cancún, Quintana Roo | G4: 14 | H4: 0.15 | I4: en tránsito | J4: 1660
A5: PED-004 | B5: CL-LOG-004 | C5: 2026-09-18 | D5: paquetería | E5: Pátzcuaro, Mich. | F5: Guadalajara, Jalisco | G5: 17 | H5: 0.19 | I5: pendiente | J5: 1880
A6: PED-005 | B6: CL-LOG-005 | C6: 2026-09-18 | D6: carga | E6: Quiroga, Mich. | F6: Los Cabos, Baja California Sur | G6: 20 | H6: 0.23 | I6: entregado | J6: 2100
A7: PED-006 | B7: CL-LOG-006 | C7: 2026-09-18 | D7: paquetería | E7: Uruapan, Mich. | F7: Puerto Vallarta, Jalisco | G7: 23 | H7: 0.27 | I7: en tránsito | J7: 2320
A8: PED-007 | B8: CL-LOG-007 | C8: 2026-09-18 | D8: carga | E8: Zamora, Mich. | F8: Oaxaca, Oaxaca | G8: 26 | H8: 0.31 | I8: pendiente | J8: 2540
A9: PED-008 | B9: CL-LOG-008 | C9: 2026-09-18 | D9: paquetería | E9: Coeneo, Mich. | F9: Monterrey, Nuevo León | G9: 29 | H9: 0.35 | I9: entregado | J9: 2760
A10: PED-009 | B10: CL-LOG-009 | C10: 2026-09-18 | D10: carga | E10: Morelia, Mich. | F10: Mérida, Yucatán | G10: 32 | H10: 0.39 | I10: en tránsito | J10: 2980
A11: PED-010 | B11: CL-LOG-010 | C11: 2026-09-18 | D11: paquetería | E11: Zacapu, Mich. | F11: Tijuana, Baja California | G11: 35 | H11: 0.43 | I11: pendiente | J11: 3200
A12: PED-011 | B12: CL-LOG-011 | C12: 2026-09-18 | D12: carga | E12: Pátzcuaro, Mich. | F12: Ciudad de México | G12: 38 | H12: 0.47 | I12: entregado | J12: 3420
A13: PED-012 | B13: CL-LOG-012 | C13: 2026-09-18 | D13: paquetería | E13: Quiroga, Mich. | F13: Nueva York | G13: 41 | H13: 0.51 | I13: en tránsito | J13: 3640
... A31: PED-030 | B31: CL-LOG-030 | C31: 2026-09-18 | D31: paquetería | E31: Morelia, Mich. | F31: Tijuana, Baja California | G31: 95 | H31: 1.23 | I31: en tránsito | J31: 7600

Sheet PAQUETE_ENVIO
A1: id_paquete_envio [PK] | B1: id_pedido [FK] | C1: numero_guia | D1: tipo_empaque | E1: peso | F1: dimensiones | G1: contenido | H1: valor_declarado | I1: estado [en proceso/en tránsito/entregado/cancelado]
A2: ENV-001 | B2: PED-001 | C2: GT-20260918-001 | D2: caja mediana | E2: 8 | F2: 40x30x25 cm | G2: Ropa | H2: 2250 | I2: en tránsito
A3: ENV-002 | B3: PED-002 | C3: GT-20260918-002 | D3: tarima | E3: 11 | F3: 120x100x80 cm | G3: Mercancía general | H3: 3000 | I3: entregado
A4: ENV-003 | B4: PED-003 | C4: GT-20260918-003 | D4: sobre | E4: 14 | F4: 25x18x5 cm | G4: Documentos | H4: 3750 | I4: en proceso
A5: ENV-004 | B5: PED-004 | C5: GT-20260918-004 | D5: caja chica | E5: 17 | F5: 30x20x20 cm | G5: Accesorios | H5: 4500 | I5: en tránsito
A6: ENV-005 | B6: PED-005 | C6: GT-20260918-005 | D6: caja mediana | E6: 20 | F6: 40x30x25 cm | G6: Ropa | H6: 5250 | I6: entregado
A7: ENV-006 | B7: PED-006 | C7: GT-20260918-006 | D7: tarima | E7: 23 | F7: 120x100x80 cm | G7: Mercancía general | H7: 6000 | I7: en proceso
A8: ENV-007 | B8: PED-007 | C8: GT-20260918-007 | D8: sobre | E8: 26 | F8: 25x18x5 cm | G8: Documentos | H8: 6750 | I8: en tránsito
A9: ENV-008 | B9: PED-008 | C9: GT-20260918-008 | D9: caja chica | E9: 29 | F9: 30x20x20 cm | G9: Accesorios | H9: 7500 | I9: entregado
A10: ENV-009 | B10: PED-009 | C10: GT-20260918-009 | D10: caja mediana | E10: 32 | F10: 40x30x25 cm | G10: Ropa | H10: 8250 | I10: en proceso
A11: ENV-010 | B11: PED-010 | C11: GT-20260918-010 | D11: tarima | E11: 35 | F11: 120x100x80 cm | G11: Mercancía general | H11: 9000 | I11: en tránsito
A12: ENV-011 | B12: PED-011 | C12: GT-20260918-011 | D12: sobre | E12: 38 | F12: 25x18x5 cm | G12: Documentos | H12: 9750 | I12: entregado
A13: ENV-012 | B13: PED-012 | C13: GT-20260918-012 | D13: caja chica | E13: 41 | F13: 30x20x20 cm | G13: Accesorios | H13: 10500 | I13: en proceso
... A31: ENV-030 | B31: PED-030 | C31: GT-20260918-030 | D31: tarima | E31: 95 | F31: 120x100x80 cm | G31: Mercancía general | H31: 24000 | I31: en proceso

Sheet TRANSPORTE_LOGISTICA
A1: id_transporte [PK] | B1: tipo [terrestre/aéreo/marítimo] | C1: empresa_transportista | D1: placas / vuelo / matricula | E1: fecha_salida | F1: fecha_llegada_estimada | G1: fecha_llegada_real | H1: estado
A2: TRA-001 | B2: aéreo | C2: Aerolínea Cargo | D2: TR-001 | E2: 2026-09-18 | F2: 2026-09-19 | G2: 2026-09-19 | H2: en tránsito
A3: TRA-002 | B3: terrestre | C3: Paquetería Michoacán | D3: TR-002 | E3: 2026-09-18 | F3: 2026-09-19 | G3: 2026-09-19 | H3: en tránsito
A4: TRA-003 | B4: marítimo | C4: Carga Nacional | D4: TR-003 | E4: 2026-09-18 | F4: 2026-09-19 | G4: 2026-09-19 | H4: en tránsito
A5: TRA-004 | B5: terrestre | C5: Transportes Ejemplo | D5: TR-004 | E5: 2026-09-18 | F5: 2026-09-19 | G5: 2026-09-19 | H5: en tránsito
A6: TRA-005 | B6: aéreo | C6: Aerolínea Cargo | D6: TR-005 | E6: 2026-09-18 | F6: 2026-09-19 | G6: 2026-09-19 | H6: en tránsito
A7: TRA-006 | B7: terrestre | C7: Paquetería Michoacán | D7: TR-006 | E7: 2026-09-18 | F7: 2026-09-19 | G7: 2026-09-19 | H7: en tránsito
A8: TRA-007 | B8: marítimo | C8: Carga Nacional | D8: TR-007 | E8: 2026-09-18 | F8: 2026-09-19 | G8: 2026-09-19 | H8: en tránsito
A9: TRA-008 | B9: terrestre | C9: Transportes Ejemplo | D9: TR-008 | E9: 2026-09-18 | F9: 2026-09-19 | G9: 2026-09-19 | H9: en tránsito
A10: TRA-009 | B10: aéreo | C10: Aerolínea Cargo | D10: TR-009 | E10: 2026-09-18 | F10: 2026-09-19 | G10: 2026-09-19 | H10: en tránsito
A11: TRA-010 | B11: terrestre | C11: Paquetería Michoacán | D11: TR-010 | E11: 2026-09-18 | F11: 2026-09-19 | G11: 2026-09-19 | H11: en tránsito
A12: TRA-011 | B12: marítimo | C12: Carga Nacional | D12: TR-011 | E12: 2026-09-18 | F12: 2026-09-19 | G12: 2026-09-19 | H12: en tránsito
... A31: TRA-030 | B31: terrestre | C31: Paquetería Michoacán | D31: TR-030 | E31: 2026-09-18 | F31: 2026-09-19 | G31: 2026-09-19 | H31: en tránsito

Sheet PROVEEDOR_LOGISTICA
A1: id_proveedor_log [PK] | B1: nombre | C1: contacto | D1: email | E1: telefono | F1: tipo_servicio [paquetería/carga] | G1: pais_ciudad | H1: estatus
A2: PROV-L-001 | B2: Transportes Michoacán | C2: Ventas | D2: mariana.hernandez@gotrip.com | E2: 4431234567 | F2: carga | G2: Ciudad de México | H2: activo
A3: PROV-L-002 | B3: Carga Nacional | C3: Ventas | D3: carlos.ramirez@gotrip.com | E3: 4431234568 | F3: paquetería | G3: Nueva York | H3: activo
A4: PROV-L-003 | B4: Mensajería Regional | C4: Ventas | D4: sofia.mendoza@gotrip.com | E4: 4431234569 | F4: carga | G4: Cancún, Quintana Roo | H4: activo
A5: PROV-L-004 | B5: Paquetería Ejemplo | C5: Ventas | D5: laura.perez@gotrip.com | E5: 4431234570 | F5: paquetería | G5: Guadalajara, Jalisco | H5: activo
A6: PROV-L-005 | B6: Transportes Michoacán | C6: Ventas | D6: jose.gonzalez@gotrip.com | E6: 4431234571 | F6: carga | G6: Los Cabos, Baja California Sur | H6: activo
A7: PROV-L-006 | B7: Carga Nacional | C7: Ventas | D7: ana.torres@gotrip.com | E7: 4431234572 | F7: paquetería | G7: Puerto Vallarta, Jalisco | H7: activo
A8: PROV-L-007 | B8: Mensajería Regional | C8: Ventas | D8: daniel.morales@gotrip.com | E8: 4431234573 | F8: carga | G8: Oaxaca, Oaxaca | H8: activo
A9: PROV-L-008 | B9: Paquetería Ejemplo | C9: Ventas | D9: fernanda.castillo@gotrip.com | E9: 4431234574 | F9: paquetería | G9: Monterrey, Nuevo León | H9: activo
A10: PROV-L-009 | B10: Transportes Michoacán | C10: Ventas | D10: luis.navarro@gotrip.com | E10: 4431234575 | F10: carga | G10: Mérida, Yucatán | H10: activo
A11: PROV-L-010 | B11: Carga Nacional | C11: Ventas | D11: valeria.mendoza@gotrip.com | E11: 4431234576 | F11: paquetería | G11: Tijuana, Baja California | H11: activo
A12: PROV-L-011 | B12: Mensajería Regional | C12: Ventas | D12: miguel.sanchez@gotrip.com | E12: 4431234577 | F12: carga | G12: Ciudad de México | H12: activo
... A31: PROV-L-030 | B31: Carga Nacional | C31: Ventas | D31: marisol.campos@gotrip.com | E31: 4431234596 | F31: paquetería | G31: Tijuana, Baja California | H31: activo

Sheet BD_PROMOCIONES
A1: ID Promoción | B1: Nombre de promoción | C1: Tipo | D1: Descripción | E1: Servicio / Paquete | F1: Descuento (%) | G1: Precio base ($) | H1: Precio promocional ($) | I1: Fecha inicio | J1: Fecha fin | K1: Condiciones | L1: Estado
A2: Columna1 | B2: Columna2 | C2: Columna3 | D2: Columna4 | E2: Columna5 | F2: Columna6 | G2: Columna7 | H2: Columna8 | I2: Columna9 | J2: Columna10 | K2: Columna11 | L2: Columna12
A3: PROM001 | B3: Escapada de Fin de Semana | C3: Viaje | D3: Descuento en escapadas de fin de semana | E3: Paquete Escapada Fin de Semana | F3: 0.15 | G3: 4500 | H3: 3825 | I3: 46296 | J3: 46326 | K3: Sujeto a disponibilidad | L3: Activa
A4: PROM002 | B4: Viaja en Pareja | C4: Viaje | D4: Promoción especial para dos viajeros | E4: Paquete Viaje en Pareja | F4: 0.1 | G4: 7000 | H4: 6300 | I4: 46296 | J4: 46341 | K4: Mínimo 2 personas | L4: Activa
A5: PROM003 | B5: Familia Viajera | C5: Viaje | D5: Descuento para familias de cuatro integrantes | E5: Paquete Familiar | F5: 0.12 | G5: 12000 | H5: 10560 | I5: 46300 | J5: 46356 | K5: Mínimo 4 viajeros | L5: Activa
A6: PROM004 | B6: Anticipa tu Viaje | C6: Viaje | D6: Beneficio por reservar con anticipación | E6: Paquete Anticipado | F6: 0.08 | G6: 8500 | H6: 7820 | I6: 46296 | J6: 46387 | K6: Reserva con 30 días de anticipación | L6: Activa
A7: PROM005 | B7: Temporada de Playa | C7: Viaje | D7: Descuento en destinos de playa | E7: Paquete Playa | F7: 0.18 | G7: 9500 | H7: 7790 | I7: 46310 | J7: 46371 | K7: Sujeto a disponibilidad | L7: Activa
A8: PROM006 | B8: Aventura GoTrip | C8: Viaje | D8: Precio especial para paquetes de aventura | E8: Paquete Aventura | F8: 0.15 | G8: 8000 | H8: 6800 | I8: 46327 | J8: 46356 | K8: No acumulable | L8: Programada
A9: PROM007 | B9: Fin de Año | C9: Viaje | D9: Promoción para viajes de cierre de año | E9: Paquete Fin de Año | F9: 0.1 | G9: 15000 | H9: 13500 | I9: 46327 | J9: 46376 | K9: Apartado con 30% | L9: Programada
A10: PROM008 | B10: Ruta Cultural | C10: Viaje | D10: Descuento en recorridos culturales | E10: Paquete Cultural | F10: 0.12 | G10: 6000 | H10: 5280 | I10: 46296 | J10: 46326 | K10: Sujeto a cupo | L10: Activa
A11: PROM009 | B11: Escapada Express | C11: Viaje | D11: Tarifa especial para reservas rápidas | E11: Paquete Express | F11: 0.07 | G11: 5000 | H11: 4650 | I11: 46305 | J11: 46320 | K11: Reserva mínima 72 horas antes | L11: Activa
A12: PROM010 | B12: GoTrip VIP | C12: Fidelización | D12: Beneficio para clientes frecuentes | E12: Paquete VIP | F12: 0.2 | G12: 10000 | H12: 8000 | I12: 46296 | J12: 46387 | K12: Aplica a clientes frecuentes | L12: Activa
A13: PROM011 | B13: Envío Ligero | C13: Paquetería | D13: Descuento en envíos nacionales pequeños | E13: Paquetería Básica | F13: 0.1 | G13: 250 | H13: 225 | I13: 46296 | J13: 46326 | K13: Hasta 5 kg | L13: Activa
A14: PROM012 | B14: Envío Familiar | C14: Paquetería | D14: Tarifa preferencial para paquetes familiares | E14: Paquetería Familiar | F14: 0.15 | G14: 400 | H14: 340 | I14: 46296 | J14: 46356 | K14: Hasta 10 kg | L14: Activa
... A22: PROM020 | B22: Experiencia Completa | C22: Combo | D22: Promoción combinando viaje, movilidad y logística | E22: Paquete Integral GoTrip | F22: 0.2 | G22: 18000 | H22: 14400 | I22: 46327 | J22: 46387 | K22: No acumulable con otras promociones | L22: Programada

Sheet BD_MOBILIARIO
A1: Código | B1: Categoría | C1: Descripción | D1: Marca | E1: Modelo | F1: Cantidad | G1: Estado | H1: Ubicación | I1: Fecha de adquisición | J1: Costo unitario ($) | K1: Valor total ($) | L1: Proveedor | M1: Responsable | N1: Vida útil (años) | O1: Observaciones
A2: MOB001 | B2: Mobiliario | C2: Escritorio ejecutivo | D2: Ofik | E2: Ejecutivo 120 | F2: 2 | G2: Bueno | H2: Oficina administrativa | I2: 46037 | J2: 6500 | K2: 13000 | L2: Muebles del Centro | M2: Administración | N2: 8 | O2: Uso administrativo
A3: MOB002 | B3: Mobiliario | C3: Escritorio operativo | D3: Ofik | E3: Work 100 | F3: 4 | G3: Bueno | H3: Área operativa | I3: 46037 | J3: 4200 | K3: 16800 | L3: Muebles del Centro | M3: Operaciones | N3: 8 | O3: Uso diario
A4: MOB003 | B4: Mobiliario | C4: Silla ejecutiva | D4: OfficePro | E4: Ergo Plus | F4: 4 | G4: Bueno | H4: Oficina administrativa | I4: 46042 | J4: 2800 | K4: 11200 | L4: Office Solutions | M4: Administración | N4: 6 | O4: Con respaldo alto
A5: MOB004 | B5: Mobiliario | C5: Silla operativa | D5: OfficePro | E5: Comfort | F5: 8 | G5: Bueno | H5: Área operativa | I5: 46042 | J5: 1600 | K5: 12800 | L5: Office Solutions | M5: Operaciones | N5: 5 | O5: Uso diario
A6: MOB005 | B6: Mobiliario | C6: Mesa de juntas | D6: Möbel | E6: Meeting 240 | F6: 1 | G6: Bueno | H6: Sala de juntas | I6: 46047 | J6: 8500 | K6: 8500 | L6: Muebles del Centro | M6: Dirección | N6: 10 | O6: Capacidad 10 personas
A7: MOB006 | B7: Mobiliario | C7: Silla para sala de juntas | D7: Möbel | E7: Meeting Chair | F7: 10 | G7: Bueno | H7: Sala de juntas | I7: 46047 | J7: 1100 | K7: 11000 | L7: Muebles del Centro | M7: Dirección | N7: 6 | O7: Juego para mesa de juntas
A8: MOB007 | B8: Mobiliario | C8: Módulo de recepción | D8: Möbel | E8: Recepción Pro | F8: 1 | G8: Bueno | H8: Recepción | I8: 46054 | J8: 9500 | K8: 9500 | L8: Muebles del Centro | M8: Recepción | N8: 10 | O8: Mostrador principal
A9: MOB008 | B9: Almacenamiento | C9: Archivero metálico | D9: MetalOffice | E9: Archivo 4 | F9: 3 | G9: Bueno | H9: Archivo | I9: 46058 | J9: 2600 | K9: 7800 | L9: Office Solutions | M9: Administración | N9: 10 | O9: Cuatro cajones
A10: MOB009 | B10: Almacenamiento | C10: Librero | D10: Ofik | E10: Librero 5 | F10: 3 | G10: Bueno | H10: Oficina administrativa | I10: 46058 | J10: 2300 | K10: 6900 | L10: Muebles del Centro | M10: Administración | N10: 8 | O10: Documentación
A11: MOB010 | B11: Tecnología | C11: Computadora de escritorio | D11: Dell | E11: OptiPlex | F11: 6 | G11: Bueno | H11: Área operativa | I11: 46063 | J11: 14500 | K11: 87000 | L11: Dell México | M11: Sistemas | N11: 5 | O11: Equipo para operación
A12: MOB011 | B12: Tecnología | C12: Laptop | D12: HP | E12: ProBook | F12: 4 | G12: Bueno | H12: Dirección / Operación | I12: 46063 | J12: 16500 | K12: 66000 | L12: HP México | M12: Administración | N12: 5 | O12: Equipo portátil
A13: MOB012 | B13: Tecnología | C13: Monitor | D13: LG | E13: 24MP | F13: 8 | G13: Bueno | H13: Área operativa | I13: 46063 | J13: 3800 | K13: 30400 | L13: LG México | M13: Sistemas | N13: 5 | O13: Monitor adicional
... A31: MOB030 | B31: Oficina | C31: Papelerera metálica | D31: OfficePro | E31: Metal 20L | F31: 6 | G31: Bueno | H31: Oficinas | I31: 46111 | J31: 450 | K31: 2700 | L31: Office Solutions | M31: Administración | N31: 5 | O31: Uso general
